 Dungeon Crawl Stone Soup version 0.22-a0-284-g99d1f74 (webtiles) character file.

265688 Amnesiac the Eclecticist (level 20, -2/125 HPs)
             Began as a Tengu Wizard on Mar 22, 2018.
             Was a High Priest of Sif Muna.
             Killed from afar by a frost giant (58 damage)
             ... with a bolt of cold
             ... on level 4 of the Depths.
             The game lasted 02:07:39 (40602 turns).

Amnesiac the Eclecticist (Tengu Wizard)            Turns: 40602, Time: 02:07:40

Health: -2/125     AC: 15    Str:  9    XL:     20   Next: 83%
Magic:  22/54      EV: 29    Int: 25    God:    Sif Muna [*****.]
Gold:   2704       SH: 12    Dex: 22    Spells: 13/59 levels left

rFire    . . .     SeeInvis .   a - staff of air
rCold    . . .     Gourm    .   A - +2 buckler {AC+3}
rNeg     . . .     Faith    .   M - +2 robe {Archmagi}
rPois    .         Spirit   .   l - +1 hat
rElec    +         Reflect  +   K - +0 cloak
rCorr    .         Harm     .   B - +2 pair of gloves
MR       +++..                  (boots unavailable)
Stlth    +++.......             J - +4 amulet of reflection
HPRegen  0.30/turn              m - ring of protection from magic
MPRegen  0.34/turn              L - ring "Koym" {Wiz *Contam MR+ MP+9 Dex+6}

@: flying quickly and evasively, divine energy, deflect missiles, quick
A: antennae 1, beak, talons 3, repulsion field 1, iridescent scales 1, rugged
brown scales 1, camouflage 1, agile 1, robust 1, electricity resistance,
evolution 2, able to fly 2
a: Stop Flying, Stop Divine Energy, Channel Magic, Forget Spell, Renounce
Religion


You were on level 4 of the Depths.
You worshipped Sif Muna.
Sif Muna was extremely pleased with you.
You were hungry.

You visited 5 branches of the dungeon, and saw 25 of its levels.
You also visited: Bailey and Ice Cave.

You collected 3505 gold pieces.
You spent 801 gold pieces at shops.

Inventory:

Hand Weapons
 b - a +9 quick blade of electrocution
 e - a +4 blowgun
Missiles
 k - 54 poisoned needles
 U - 2 throwing nets (quivered)
 W - 8 curare-tipped needles
Armour
 l - a +1 hat (worn)
 A - a +2 buckler of protection (worn)
 B - a +2 pair of gloves (worn)
 K - a +0 cloak (worn)
 M - a +2 robe of the Archmagi (worn)
Magical Staves
 a - an uncursed staff of air (weapon)
 q - an uncursed staff of cold
 w - an uncursed staff of conjuration
Jewellery
 m - a ring of protection from magic (left hand)
 r - an uncursed ring of fire
 J - a +4 amulet of reflection (around neck)
 L - the ring "Koym" (right hand) {Wiz *Contam MR+ MP+9 Dex+6}
   (You bought it in a shop on level 2 of the Orcish Mines)

   [ring of wizardry]

   It improves your spell success rate.
   It affects your dexterity (+6).
   It affects your resistance to hostile enchantments.
   It affects your magic capacity (+9).
   It causes magical contamination when unequipped.
Wands
 s - a wand of clouds (5)
 N - a wand of digging (3)
 Q - a wand of acid (31)
Scrolls
 g - a scroll of identify {!r}
 n - 9 scrolls of teleportation {!r}
 p - 7 scrolls of enchant armour {!r}
 y - a scroll of enchant weapon {!r}
 C - 3 scrolls of fog {!r}
 D - 3 scrolls of magic mapping {!r}
 E - 12 scrolls of remove curse {!r}
 F - 8 scrolls of amnesia {!r}
 I - a scroll of fear {!r}
 O - a scroll of vulnerability {!r}
 P - 2 scrolls of summoning {!r}
Potions
 c - 11 potions of curing {!q}
 f - 4 potions of invisibility {!q}
 h - 9 potions of mutation {!q}
 i - 7 potions of brilliance {!q}
 t - 5 potions of lignification {!q}
 v - a potion of agility {!q}
 x - 3 potions of haste {!q}
 z - 2 potions of magic {!q}
 R - a potion of might {!q}
 S - a potion of resistance {!q, unknown}
 T - 3 potions of berserk rage {!q}
Comestibles
 d - 21 rations


   Skills:
 - Level 7.0 Fighting
 - Level 11.0 Dodging
 - Level 2.0 Stealth
 - Level 4.0 Shields
 * Level 20.0 Spellcasting
 + Level 20.0 Conjurations
 - Level 1.2 Summonings
 - Level 0.7 Translocations
   Level 5.1 Fire Magic
 + Level 20.0 Air Magic
 - Level 8.0 Invocations


You had 13 spell levels left.
You knew the following spells:

 Your Spells              Type           Power        Failure   Level  Hunger
a - Airstrike             Air            ########..   0%          4    None
b - Passwall              Tmut/Erth      #####.....   1%          2    None
c - Chain Lightning       Conj/Air       ########..   1%          8    ######.
d - Lightning Bolt        Conj/Air       ########..   0%          5    None
e - Deflect Missiles      Chrm/Air       ########..   1%          6    ##.....
f - Irradiate             Conj/Tmut      #######...   1%          5    None
s - Summon Lightning Spi  Summ/Air       ########     1%          4    None
v - Blink                 Tloc           N/A          1%          2    None
w - Orb of Destruction    Conj           ########..   1%          7    ####...
z - Ozocubu's Armour      Chrm/Ice       #####...     2%          3    None


Dungeon Overview and Level Annotations

Branches:
Dungeon (15/15)            Temple (1/1) D:4            Lair (0/6) D:9
    Orc (2/2) D:12            Elf (3/3) Orc:2        Vaults (0/5) D:14
 Depths (4/5) D:15

Altars:
Dithmenos
Fedhas
Kikubaaqudgha
Okawaru
Ru
Sif Muna
Trog
Uskayaw
Xom
Yredelemnul
Zin
The Shining One
Beogh

Shops:
D:7 (   D:15 =   Orc:2 =([*   Elf:1 *   Elf:2 *   Depths:1 [

Portals:
Hell: Depths:1 Depths:2 Depths:3
Abyss: Depths:1 Depths:3
Pandemonium: Depths:2 Depths:3


Innate Abilities, Weirdness & Mutations

You have a beak for a mouth.
You have claws for feet.
You can fly continuously.
You have a pair of small antennae on your head.
You are surrounded by a mild repulsion field. (EV +2)
You are partially covered in iridescent scales. (AC +2)
You are partially covered in rugged brown scales. (AC +1, +3% HP)
Your skin changes colour to match your surroundings (Stealth+).
You are agile. (Dex +2)
You are robust. (+10% HP)
You are resistant to electric shocks. (rElec)
You rapidly evolve.


Message History

The rakshasa weaves an illusion.
Casting: Airstrike (safe; 0% risk of failure)
Confirm with . or Enter, or press ? or * to list all spells.
Aiming: Airstrike (safe; 0% risk of failure)
Press: ? - help, Dir - move target cursor, f/p - ice dragon
Aim: an ice dragon (severely wounded)
You feel a strong surge of power!
The air twists around and violently strikes the ice dragon!
You kill the ice dragon!
Sif Muna accepts your kill.
The spriggan air mage waves its arms in wide circles.
The air twists around and violently strikes you in flight!
Casting: Airstrike (safe; 0% risk of failure)
Confirm with . or Enter, or press ? or * to list all spells.
You feel a strong surge of power!
You hear a mighty clap of thunder!
The lightning arc hits the rakshasa.
The rakshasa is severely wounded.
The lightning arc hits you! You resist.
The lightning arc hits the spriggan air mage.
The spriggan air mage is severely wounded.
The lightning arc hits you! You resist.
The lightning arc hits the rakshasa.
You kill the rakshasa!
Sif Muna accepts your kill.
Your Conjurations skill increases to level 20!
The lightning arc hits you!
The lightning arc hits the spriggan air mage.
You kill the spriggan air mage!
Sif Muna accepts your kill. The lightning arc hits you!
The lightning arc grounds out.
You are feeling hungry.
You hear a deafening roar!
You hear a horrible gurgling sound! x4
You hear a shout! x5
You start resting.
You hear a grinding noise.
A frost giant comes into view. It is wielding a battleaxe of freezing.
The frost giant points at you and mumbles some strange words.
The bolt of cold hits you!
* * * LOW HITPOINT WARNING * * *
A fire dragon comes into view.
Casting: Chain Lightning (safe; 1% risk of failure)
Confirm with . or Enter, or press ? or * to list all spells.
You feel a strong surge of power!
You hear a mighty clap of thunder!
The lightning arc hits the fire dragon.
The fire dragon is heavily wounded.
The lightning arc hits you!
The lightning arc hits the fire dragon.
You kill the fire dragon!
Sif Muna accepts your kill.
The fire dragon scales are intact enough to wear.
The lightning arc hits you! You resist.
* * * LOW HITPOINT WARNING * * *
The lightning arc hits the frost giant.
The frost giant is moderately wounded.
The lightning arc hits you! You resist.
The lightning arc hits the frost giant.
The frost giant is heavily wounded.
The lightning arc hits you!
The lightning arc hits the frost giant.
The frost giant is severely wounded.
The lightning arc hits you!
You hear a horrible gurgling sound! x4; You hear a deafening roar!
You hear a shout!
You hear a deafening roar!
You hear a shout!
The frost giant gestures at you while chanting.
The bolt of cold hits you!
You die...

.. ...## #
....#.... ..
#C.#....#
#.. .
.....##
....#. .....
.....[##.#.#
#.)...#.##
#@....#
#.....##
#.###..# #.#
#<.# [##
##.# ## ###


You could see a frost giant.

Vanquished Creatures
  A juggernaut (Depths:3)
  Bai Suzhen (Depths:3)
  the Enchantress (Depths:2)
  The ghost of PegasusDuck the Hawkeye, a veteran MfGl of Gozag (Depths:2)
  A titan (Depths:3)
  A deep elf blademaster (Elf:3)
  2 deep elf master archers (Elf:3)
  A lich (Depths:3)
  A quicksilver dragon (Depths:3)
  2 tengu reavers
  5 deep elf sorcerers
  An emperor scorpion (Depths:2)
  5 fire giants
  A balrug (Depths:3)
  2 deep elf elementalists (Elf:3)
  An orc warlord (Orc:2)
  An iron dragon (Depths:3)
  4 spriggan defenders (Depths:2)
  6 caustic shrike skeletons (Depths:2)
  13 very ugly things
  4 stone giants
  5 deep elf demonologists (Elf:3)
  8 deep elf annihilators
  2 spark wasps (Depths:1)
  8 deep elf death magi
  7 fire dragons
  5 deep elf high priests
  A great orb of eyes (Depths:1)
  2 rakshasas
  5 ogre magi
  The ghost of Kairos the Thaumaturge, a journeyman GnSk of Okawaru (D:9)
  3 hydras
  An ice dragon (Depths:4)
  8 spriggan air magi
  2 centaur warriors
  4 death yaks (Depths:2)
  12 two-headed ogres
  2 death knights
  A deep troll earth mage (Depths:3)
  26 dancing weapons
  10 deep troll shamans
  6 tengu warriors
  A vampire mage (Depths:1)
  13 spriggan berserkers
  An orc high priest (Orc:2)
  A sun demon (Depths:3)
  23 deep elf knights
  2 iron trolls
  A skeletal warrior (D:15)
  A sixfirhy (Depths:3)
  11 hell knights (Depths:3)
  7 spriggan druids (Depths:2)
  A flayed ghost (Depths:3)
  8 deep trolls
  A tengu zombie (Depths:1)
  A wizard (D:15)
  6 necromancers
  A phantasmal warrior (D:15)
  11 deep elf archers
  A sphinx zombie (Depths:1)
  A harpy (shapeshifter) (Depths:1)
  An iron dragon zombie (Depths:1)
  58 deep elf magi
  12 orc knights
  A wolf spider zombie (D:15)
  20 ugly things
  A cyclops (shapeshifter) (Elf:1)
  A manticore (D:13)
  3 orc sorcerers
  The ghost of p0werm0de the Skirmisher, a novice GrCK of Xom (D:6)
  6 cyclopes
  A rust devil (Depths:3)
  Maurice (D:12)
  3 ice statues (IceCv)
  A fire giant skeleton (Depths:1)
  4 molten gargoyles (D:14)
  2 gargoyles
  3 kobold demonologists (D:15)
  A yaktaur zombie (Depths:1)
  A small abomination (Depths:2)
  A komodo dragon (shapeshifter) (Depths:2)
  9 ice devils
  A yaktaur (Depths:1)
  2 tengu conjurers (Depths:2)
  12 trolls
  17 hornets
  3 hippogriffs
  A raiju (shapeshifter) (Depths:1)
  5 slime creatures
  Sigmund (D:4)
  44 spriggans
  A yak (shapeshifter) (D:15)
  2 wraiths
  4 water elementals
  2 air elementals (Elf:1)
  19 yaks
  A human (shapeshifter) (Elf:2)
  2 fire elementals (Elf:2)
  A wyvern (D:12)
  5 vampire mosquitoes
  2 wargs (Orc:1)
  An acid dragon (shapeshifter) (Depths:3)
  A soldier ant (shapeshifter) (Depths:1)
  2 black bears
  4 sky beasts
  A hornet zombie (D:12)
  2 ice beasts
  39 orc warriors
  11 ogres
  An ogre (shapeshifter) (Depths:3)
  4 phantoms
  13 boggarts
  A necrophage (D:10)
  9 centaurs
  A crocodile (D:11)
  A gnoll sergeant (D:5)
  7 big kobolds
  8 bullfrogs
  4 earth elementals
  2 wyvern skeletons
  2 scorpions
  5 wights (D:13)
  4 howler monkeys
  3 bullfrog zombies
  4 centaur zombies
  7 crimson imps
  2 draconian simulacra (IceCv)
  A quasit (D:13)
  3 hounds
  4 jellies
  20 orc priests
  4 centaur skeletons
  3 iguanas
  22 orc wizards
  3 bullfrog skeletons
  An iron imp (Depths:3)
  2 troll simulacra (IceCv)
  6 worker ants
  2 centaur simulacra (IceCv)
  2 hound zombies
  A howler monkey zombie (D:8)
  Robin (D:4)
  11 gnolls
  12 adders
  A naga simulacrum (IceCv)
  A howler monkey skeleton (D:10)
  3 ogre simulacra (IceCv)
  3 shadow imps
  An ooze (D:4)
  An adder skeleton (D:8)
  An adder zombie (D:7)
  4 dart slugs
  4 leopard geckos
  96 orcs
  8 bats
  2 giant cockroaches
  12 goblins
  11 hobgoblins
  11 jackals
  4 quokkas
  3 ball pythons
  19 kobolds
  3 rats (D:3)
  2 bushes (Depths:2)
  3 crawling corpses (Depths:2)
952 creatures vanquished.

Vanquished Creatures (collateral kills)
  The ghost of Amnesiac the Conjurer, an amateur HuWz (D:3)
  A wraith (D:11)
  An ogre (D:4)
  2 orc wizards (Orc:2)
  An iguana (D:5)
  2 orcs
8 creatures vanquished.

Vanquished Creatures (others)
  A deep elf blademaster (Elf:3)
  A deep elf mage (Elf:1)
  13 plants
15 creatures vanquished.

Grand Total: 975 creatures vanquished

Notes
Turn   | Place    | Note
-------+----------+-------------------------------------------
     0 | D:1      | Amnesiac the Tengu Wizard began the quest for the Orb.
     0 | D:1      | Reached XP level 1. HP: 10/10 MP: 5/5
   192 | D:1      | Reached XP level 2. HP: 15/15 MP: 1/7
   945 | D:1      | Reached XP level 3. HP: 20/20 MP: 6/8
   950 | D:1      | Learned a level 3 spell: Mephitic Cloud
   953 | D:1      | Learned a level 2 spell: Call Imp
  1346 | D:2      | Gained mutation: You evolve. [potion of mutation]
  1346 | D:2      | Gained mutation: You have a pair of small antennae on your head. [potion of mutation]
  1346 | D:2      | Gained mutation: You are robust. (+10% HP) [potion of mutation]
  1581 | D:3      | Noticed Amnesiac's ghost (amateur HuWz)
  1594 | D:3      | Killed Amnesiac's ghost
  1594 | D:3      | Reached skill level 1 in Fighting
  1594 | D:3      | Reached XP level 4. HP: 4/28 MP: 0/11
  1594 | D:3      | Gained mutation: You can fly. [Tengu growth]
  1594 | D:3      | Reached XP level 5. HP: 5/33 MP: 0/12
  2942 | D:4      | Noticed Sigmund
  2957 | D:4      | Killed Sigmund
  2957 | D:4      | Reached XP level 6. HP: 38/38 MP: 0/14
  3054 | D:4      | Reached skill level 5 in Spellcasting
  3054 | D:4      | Reached skill level 5 in Conjurations
  3218 | D:4      | Reached XP level 7. HP: 26/44 MP: 6/15
  3589 | D:4      | Gained mutation: You are agile. (Dex +2) [evolution]
  3865 | D:4      | Found a staircase to the Ecumenical Temple.
  3865 | D:4      | Noticed Robin
  3883 | D:4      | Killed Robin
  4186 | Temple   | Entered the Ecumenical Temple
  4222 | Temple   | Became a worshipper of Sif Muna the Loreminder
  4273 | D:5      | Entered Level 5 of the Dungeon
  4771 | D:5      | Reached XP level 8. HP: 30/49 MP: 9/16
  4847 | D:5      | Reached skill level 5 in Air Magic
  4987 | D:5      | Found a sacrificial altar of Ru.
  5172 | D:6      | Reached * piety under Sif Muna
  5341 | D:6      | Learned a level 3 spell: Conjure Flame
  5647 | D:6      | Noticed p0werm0de's ghost (novice GrCK)
  5659 | D:6      | Killed p0werm0de's ghost
  5659 | D:6      | Reached ** piety under Sif Muna
  5659 | D:6      | Reached XP level 9. HP: 29/53 MP: 1/19
  6862 | D:7      | Found Ysemid's Weapon Emporium.
  7677 | D:8      | Learned a level 2 spell: Blink
  7680 | D:8      | Reached *** piety under Sif Muna
  7838 | D:9      | Found an ancient bone altar of Kikubaaqudgha.
  7958 | D:9      | Reached XP level 10. HP: 61/61 MP: 20/23
  8022 | D:9      | Noticed Kairos's ghost (journeyman GnSk)
  8109 | D:9      | Killed Kairos's ghost
  8684 | D:9      | Found a staircase to the Lair.
  8984 | D:10     | Entered Level 10 of the Dungeon
  9658 | D:10     | Reached **** piety under Sif Muna
  9922 | D:10     | Noticed a two-headed ogre
  9944 | D:10     | Killed a two-headed ogre
  9944 | D:10     | Reached skill level 5 in Dodging
 10105 | D:10     | Reached XP level 11. HP: 63/67 MP: 18/25
 10258 | D:10     | Reached skill level 10 in Air Magic
 10429 | D:11     | Noticed a seven-headed hydra
 10438 | D:10     | Reached skill level 10 in Spellcasting
 10464 | D:11     | Reached skill level 10 in Conjurations
 10562 | D:11     | Found a basalt altar of Yredelemnul.
 10613 | D:11     | Noticed a cyclops
 10833 | D:11     | Reached ***** piety under Sif Muna
 10963 | D:11     | Killed a cyclops
 11659 | D:11     | Killed a seven-headed hydra
 11802 | D:12     | Noticed Maurice
 11838 | D:12     | Found a frozen archway.
 11882 | D:12     | Learned a level 2 spell: Throw Flame
 11908 | D:12     | Identified Sif Muna's Incunabulum of Battle Magic (Sif Muna gifted it to you on level 12 of the Dungeon)
 11908 | D:12     | Received a gift from Sif Muna
 11916 | D:12     | Learned a level 5 spell: Fireball
 12031 | D:12     | Noticed a cyclops
 12073 | D:12     | Noticed a two-headed ogre
 12083 | D:12     | Found a staircase to the Orcish Mines.
 12142 | D:12     | Killed a two-headed ogre
 12217 | IceCv    | Entered an ice cave
 12329 | IceCv    | Reached skill level 1 in Invocations
 13372 | IceCv    | Noticed a necromancer
 13376 | IceCv    | Killed a necromancer
 13376 | IceCv    | Reached XP level 12. HP: 55/72 MP: 10/28
 13380 | IceCv    | Got a jewelled halberd {freeze}
 13505 | IceCv    | Reached skill level 5 in Invocations
 14419 | D:12     | Killed Maurice
 14708 | D:12     | Gained mutation: Your spells are a little harder to cast, but a little more powerful. [evolution]
 14960 | D:12     | Noticed a two-headed ogre
 14981 | D:12     | Killed a two-headed ogre
 15438 | D:13     | Noticed a death knight
 15466 | D:13     | Killed a death knight
 15934 | D:13     | Reached skill level 5 in Fighting
 16086 | D:13     | Gained mutation: You are partially covered in rugged brown scales. (AC +1, +3% HP) [evolution]
 16228 | D:13     | Noticed an eight-headed hydra
 16248 | D:13     | Killed an eight-headed hydra
 17990 | D:14     | Reached XP level 13. HP: 82/83 MP: 2/29
 17993 | D:14     | Found a blossoming altar of Fedhas.
 18054 | D:14     | Found a flagged portal.
 18059 | Bailey   | Entered a bailey
 18226 | Bailey   | Reached skill level 1 in Fire Magic
 19075 | Bailey   | Reached skill level 5 in Fire Magic
 19382 | D:14     | Noticed a tengu reaver
 20137 | D:13     | Gained mutation: You rapidly evolve. [evolution]
 20218 | Orc:1    | Entered Level 1 of the Orcish Mines
 20754 | Orc:2    | Entered Level 2 of the Orcish Mines
 20970 | Orc:2    | Identified Sif Muna's Catalogue of Good Intentions (Sif Muna gifted it to you on level 2 of the Orcish Mines)
 20970 | Orc:2    | Received a gift from Sif Muna
 20977 | Orc:2    | Learned a level 4 spell: Airstrike
 21006 | Orc:2    | Identified 2 scrolls of acquirement {!r}
 21563 | Orc:1    | Learned a level 5 spell: Lightning Bolt
 21585 | Orc:2    | Reached skill level 10 in Dodging
 21977 | Orc:2    | Noticed an orc warlord
 22371 | Orc:2    | Killed an orc warlord
 22445 | Orc:2    | Found a roughly hewn altar of Beogh.
 22560 | Orc:2    | Found Norghata's General Store.
 22666 | Orc:2    | Found Quys's Antique Weapon Boutique.
 22670 | Orc:2    | Found Ninogy's Jewellery Boutique.
 22708 | Orc:2    | Found a staircase to the Elven Halls.
 22835 | Orc:2    | Found Sodepog's Antique Armour Boutique.
 23266 | D:13     | Gained mutation: You are partially covered in iridescent scales. (AC +2) [evolution]
 23447 | D:14     | Gained mutation: You can fly continuously. [Tengu growth]
 23447 | D:14     | Reached XP level 14. HP: 92/92 MP: 4/30
 23449 | D:14     | Found a gate to the Vaults.
 23835 | D:14     | Got a blackened arbalest
 23852 | D:15     | Entered Level 15 of the Dungeon
 24002 | Orc:2    | Bought the ring "Koym" {Wiz *Contam MR+ MP+9 Dex+6} for 753 gold pieces
 24115 | Elf:1    | Entered Level 1 of the Elven Halls
 24118 | Elf:1    | Noticed a deep elf annihilator
 24588 | Elf:1    | Killed a deep elf annihilator
 24705 | Elf:1    | Identified Sif Muna's Catalogue of the Excruciating Mountains (Sif Muna gifted it to you on level 1 of the Elven Halls)
 24705 | Elf:1    | Received a gift from Sif Muna
 24714 | Elf:1    | Learned a level 6 spell: Deflect Missiles
 24726 | Elf:1    | Learned a level 4 spell: Summon Lightning Spire
 24875 | Elf:1    | Found Xuthrecwu's General Store.
 24882 | Elf:1    | Bought a potion of brilliance for 48 gold pieces
 25450 | Elf:1    | Noticed a deep elf sorcerer
 25457 | Elf:1    | Killed a deep elf sorcerer
 25495 | Elf:1    | Lost mutation: You have a pair of small antennae on your head. [evolution]
 25518 | Elf:1    | Identified the Incunabulum of Confrontation
 26283 | Elf:2    | Reached XP level 15. HP: 97/97 MP: 16/33
 26294 | Elf:2    | Received a gift from Sif Muna
 26845 | Elf:2    | Gained mutation: You have a pair of small antennae on your head. [evolution]
 27196 | Elf:2    | Learned a level 7 spell: Orb of Destruction
 27197 | Elf:2    | Got a pair of faintly humming gloves
 27208 | Elf:2    | Identified the -1 pair of gloves of the Original Sin {MR+ rCorr Int+3 Stlth-} (You acquired it on level 2 of the Elven Halls)
 27231 | Elf:2    | Found a runed gate.
 27231 | Elf:2    | Found a runed gate.
 27232 | Elf:2    | Found a runed gate.
 27271 | Elf:2    | Found Cocix's General Store.
 27562 | Elf:2    | Identified Sif Muna's Tome of Transmutation and Air (Sif Muna gifted it to you on level 2 of the Elven Halls)
 27562 | Elf:2    | Received a gift from Sif Muna
 27750 | Elf:2    | Learned a level 5 spell: Irradiate
 27759 | Elf:2    | Learned a level 8 spell: Chain Lightning
 27773 | Elf:2    | Lost mutation: Your spells are a little harder to cast, but a little more powerful. [evolution]
 28431 | Elf:3    | Identified a paperback manual
 28431 | Elf:3    | Entered Level 3 of the Elven Halls
 28591 | Elf:3    | Noticed a deep elf blademaster
 28605 | Elf:3    | Killed a deep elf blademaster
 28605 | Elf:3    | Reached XP level 16. HP: 103/103 MP: 21/35
 28650 | Elf:3    | Reached skill level 15 in Spellcasting
 28650 | Elf:3    | Reached skill level 15 in Conjurations
 28723 | Elf:3    | Noticed a deep elf master archer
 28734 | Elf:3    | Killed a deep elf master archer
 28734 | Elf:3    | Reached skill level 15 in Air Magic
 28851 | Elf:3    | Noticed a deep elf master archer
 28892 | Elf:3    | Killed a deep elf master archer
 28899 | Elf:3    | Noticed an Ice Fiend
 28902 | Elf:3    | Identified Sif Muna's Volume of Ice (Sif Muna gifted it to you on level 3 of the Elven Halls)
 28902 | Elf:3    | Received a gift from Sif Muna
 28902 | Elf:3    | Reached XP level 17. HP: 48/108 MP: 12/37
 29467 | Elf:3    | Noticed a deep elf blademaster
 29480 | Elf:3    | Killed a deep elf blademaster
 29497 | Elf:3    | Identified Sif Muna's Papyrus of Confrontation and Creation (Sif Muna gifted it to you on level 3 of the Elven Halls)
 29497 | Elf:3    | Received a gift from Sif Muna
 29520 | Elf:3    | Got a bloodstained dagger {flame}
 29783 | Elf:3    | Got a jewelled longbow {flame}
 29783 | Elf:3    | Got a coiled ivory ring
 29818 | Elf:3    | Identified the ring of the Unstoppable Deaths {+Fly rN+ Stlth+} (You took it off a deep elf archer on level 3 of the Elven Halls)
 29839 | Elf:3    | Got an iridescent hand axe {speed}
 29841 | Elf:3    | Got a brightly glowing plate armour
 29957 | Elf:3    | Identified the Incunabulum of Freezing Dislocation
 29963 | Elf:3    | Identified the Tome of Freezing Moulding
 29996 | Elf:3    | Found the +10 Black Knight's horse barding {ponderous, rPois rN+}
 30006 | Elf:3    | Learned a level 2 spell: Passwall
 30057 | Elf:3    | Identified Sif Muna's Reference Book on Ice
 30063 | Elf:3    | Learned a level 3 spell: Ozocubu's Armour
 30587 | D:15     | Reached XP level 18. HP: 95/114 MP: 0/39
 30612 | D:15     | Gained mutation: You are surrounded by a mild repulsion field. (EV +2) [evolution]
 30911 | D:15     | Found Viwuivecs's Jewellery Emporium.
 31141 | D:15     | Found a staircase to the Depths.
 32583 | Depths:1 | Entered Level 1 of the Depths
 33079 | D:15     | Identified Sif Muna's Catalogue of Confrontation (Sif Muna gifted it to you on level 15 of the Dungeon)
 33079 | D:15     | Received a gift from Sif Muna
 33128 | D:15     | Gained mutation: You are resistant to electric shocks. (rElec) [evolution]
 34039 | Depths:1 | Identified Sif Muna's Catalogue of Flames (Sif Muna gifted it to you on level 1 of the Depths)
 34039 | Depths:1 | Received a gift from Sif Muna
 34236 | Depths:1 | Reached XP level 19. HP: 118/118 MP: 4/41
 34476 | Depths:1 | Found Oxisebog's Antique Armour Shop.
 34483 | Depths:1 | Found a gateway to Hell.
 34717 | Depths:1 | Found a one-way gate to the infinite horrors of the Abyss.
 35248 | Depths:2 | Reached ****** piety under Sif Muna
 35487 | Depths:2 | Got a bone whip {freeze}
 35948 | Depths:2 | Found a bloodstained altar of Trog.
 36070 | Depths:2 | Identified Sif Muna's Catalogue of Unholy Combat Magic (Sif Muna gifted it to you on level 2 of the Depths)
 36070 | Depths:2 | Received a gift from Sif Muna
 36362 | Depths:2 | Noticed the Enchantress
 36364 | Depths:2 | Killed the Enchantress
 36456 | Depths:2 | Got faerie dragon scales
 36484 | Depths:2 | Identified the +2 faerie dragon scales {*Slow rPois rCorr Str+2} (You took it off the Enchantress on level 2 of the Depths)
 36873 | Depths:2 | Noticed PegasusDuck's ghost (veteran MfGl)
 36890 | Depths:2 | Killed PegasusDuck's ghost
 37119 | Depths:2 | Gained mutation: Your skin changes colour to match your surroundings (Stealth+). [evolution]
 37165 | Depths:2 | Found a one-way gate leading to the halls of Pandemonium.
 38687 | Depths:3 | Identified Sif Muna's Compendium of Battle Magic (Sif Muna gifted it to you on level 3 of the Depths)
 38687 | Depths:3 | Received a gift from Sif Muna
 38688 | Depths:3 | Reached XP level 20. HP: 122/125 MP: 32/44
 39189 | Depths:3 | Noticed Bai Suzhen
 39202 | Depths:3 | Killed Bai Suzhen
 39525 | Depths:3 | Identified Sif Muna's Guide on Confrontation (Sif Muna gifted it to you on level 3 of the Depths)
 39525 | Depths:3 | Received a gift from Sif Muna
 40023 | Depths:3 | Noticed a juggernaut
 40027 | Depths:3 | Killed a juggernaut
 40602 | Depths:4 | Killed from afar by a frost giant

Vault maps used:
D:1:      eino_arrival_cavern_a, serial_bayou_pond_d
D:2:      minmay_kobold_bridge
D:4:      minmay_temple_entry_purple_smoke, first_ration, uniq_sigmund,
          uniq_robin
D:5:      glass_columns_c, nicolae_ru_path_of_blood
D:7:      serial_shops, shop, the_bakery
D:8:      serial_curves, eino_curves_03, eino_curves_03, eino_curves_03,
          eino_curves_02
D:9:      kiku_gazebo_garden_becter, lair_entry_dummy
D:11:     solitary_fountain, lemuel_statue_altar
D:12:     orc_0_dummy, portal_ice_cave_demonic_guard, uniq_maurice
D:13:     kennysheep_flooded_box
D:14:     cheibrodos_statue_roulette, david_vaults_1, enter_bailey_1,
          fedhas_altar_2, kennysheep_island_fort
D:15:     grunt_enter_depths_magical_seal, serial_shops,
          nicolae_shop_statue_plus, minmay_misc_feat_plants,
          elves_outpost_lemuel
Temple:   minmay_crystal_snake_temple
Orc:2:    grunt_orc_cross, minmay_orc_keep
Elf:1:    elf_arrival_002, serial_shops, nicolae_shop_stone,
          minmay_elf_annihilation
Elf:2:    serial_shops, shop_coins
Elf:3:    grunt_elf_hall_spiral
Depths:1: hell_entry, abyss_entry, serial_shops, shop, minmay_misc_feat_rugged,
          nicolae_sextant, grunt_ministairs_8, serial_bayou_crossing
Depths:2: spriggan_forest, pan_entry, hell_entry
Depths:3: evilmike_horseshoe, serial_sigils_hangedman_scar,
          grunt_hell_entry_dis_mu, abyss_entry, rand_demon_pan_entry_9,
          uniq_bai_suzhen
Depths:4: minmay_skeletal_surprise, hangedman_tar_grid_catacomb, abyss_entry,
          infiniplex_staircase_pillars_3a
Bailey:   bailey_polearm_5, bailey
IceCv:    ice_cave_tombish

Skill      XL: |  1  2  3  4  5  6  7  8  9 10 11 12 13 14 15 16 17 18 19 20 |
---------------+-------------------------------------------------------------+-----
Conjurations   | 2 3 4 5 6 8 9 11 13 14 15 16 17 19 20 | 20.0
Fighting       | 1 2 4 5 7 |  7.0
Spellcasting   | 4 5 6 8 9 11 13 14 15 16 17 19 20 | 20.0
Shields        | 2 3 4 |  4.0
Air Magic      | 4 6 8 9 11 13 14 15 16 17 19 20 | 20.0
Dodging        | 3 4 5 8 11 | 11.0
Invocations    | 4 8 |  8.0
Fire Magic     | 5 |  5.1
Stealth        | |  2.0
Summonings     | |  1.2
Translocations | |  0.7

Action                   |  1- 3 |  4- 6 |  7- 9 | 10-12 | 13-15 | 16-18 | 19-21 || total
-------------------------+-------+-------+-------+-------+-------+-------+-------++-------
Melee: Unarmed           |     6 |       |       |    14 |       |       |       ||    20
       Short sword       |     6 |    11 |    21 |       |       |       |       ||    38
       Peck              |     2 |     1 |     2 |     2 |     4 |     2 |       ||    13
       Kick              |     1 |     3 |     4 |     5 |     6 |     5 |       ||    24
       Staff             |       |       |       |    14 |    17 |     9 |       ||    40
 Fire: Blowgun           |       |       |    25 |    63 |       |       |       ||    88
 Cast: Magic Dart        |    66 |    77 |   347 |   341 |     8 |       |       ||   839
       Call Imp          |     2 |     1 |     3 |    10 |       |       |       ||    16
       Mephitic Cloud    |       |     3 |    15 |    20 |       |       |       ||    38
       Conjure Flame     |       |       |    13 |    65 |       |       |       ||    78
       Blink             |       |       |       |    18 |     2 |       |     1 ||    21
       Fireball          |       |       |       |    92 |    49 |       |       ||   141
       Throw Flame       |       |       |       |   227 |   124 |       |       ||   351
       Airstrike         |       |       |       |       |   454 |   187 |   245 ||   886
       Lightning Bolt    |       |       |       |       |    69 |    97 |     8 ||   174
       Deflect Missiles  |       |       |       |       |     2 |     6 |       ||     8
       Summon Lightning  |       |       |       |       |     3 |       |       ||     3
       Orb of Destructio |       |       |       |       |     2 |     7 |    15 ||    24
       Irradiate         |       |       |       |       |       |     5 |       ||     5
       Chain Lightning   |       |       |       |       |       |    26 |    64 ||    90
Invok: Divine Energy     |       |       |     1 |       |       |       |       ||     1
       Channel Magic     |       |       |       |       |     2 |     6 |    11 ||    19
 Abil: Fly               |       |       |       |     1 |     3 |     1 |       ||     5
       Stop Flying       |       |       |       |       |       |     1 |       ||     1
  Use: Scroll            |     4 |     1 |    13 |     1 |    32 |     3 |     2 ||    56
       Potion            |     1 |       |       |     4 |     7 |     5 |       ||    17
  Eat: Chunk             |     1 |     3 |    14 |    30 |    37 |    25 |    34 ||   144
       Ration            |       |     1 |       |     6 |     4 |     3 |     4 ||    18
Armor: Robe              |    17 |     8 |    16 |    46 |    29 |    28 |    47 ||   191
       Skin              |       |       |       |    14 |       |       |       ||    14
Dodge: Dodged            |    47 |    15 |    94 |   187 |   181 |   126 |    80 ||   730
       Deflected         |       |       |       |       |    21 |    23 |     4 ||    48
Block: Buckler           |       |       |    19 |    83 |    55 |    43 |    45 ||   245
       Reflection        |       |       |       |       |       |     5 |     3 ||     8

Table legend:
 A = Spawn XP
 B = Non-spawn XP
 C = Spawn XP percentage of total XP
 D = Spawn monster count
 E = Non-spawn monster count
 F = Spawn count percentage of total count
 G = Total turns spent on level
                    A         B        C        D         E        F      G
               +---------+---------+-------+---------+---------+-------+---------
         Total |       0 |  420661 |   0.0 |       0 |     957 |   0.0 | 40602
               +---------+---------+-------+---------+---------+-------+---------
           D:1 |       0 |      36 |   0.0 |       0 |      21 |   0.0 |  1030
           D:2 |       0 |      17 |   0.0 |       0 |       8 |   0.0 |   634
           D:3 |       0 |     255 |   0.0 |       0 |      25 |   0.0 |  1410
           D:4 |       0 |     585 |   0.0 |       0 |      26 |   0.0 |  1348
           D:5 |       0 |     579 |   0.0 |       0 |      14 |   0.0 |  1063
           D:6 |       0 |    1368 |   0.0 |       0 |      17 |   0.0 |  1177
           D:7 |       0 |     782 |   0.0 |       0 |      16 |   0.0 |   848
           D:8 |       0 |     769 |   0.0 |       0 |      21 |   0.0 |   789
           D:9 |       0 |    1926 |   0.0 |       0 |      14 |   0.0 |  1322
          D:10 |       0 |    4503 |   0.0 |       0 |      35 |   0.0 |  1814
          D:11 |       0 |    3191 |   0.0 |       0 |      27 |   0.0 |  1303
          D:12 |       0 |    6625 |   0.0 |       0 |      30 |   0.0 |  1784
          D:13 |       0 |    6600 |   0.0 |       0 |      40 |   0.0 |  2188
          D:14 |       0 |    6810 |   0.0 |       0 |      20 |   0.0 |  1414
          D:15 |       0 |   34088 |   0.0 |       0 |      72 |   0.0 |  3732
         Orc:1 |       0 |    1794 |   0.0 |       0 |      18 |   0.0 |   826
         Orc:2 |       0 |   13302 |   0.0 |       0 |      89 |   0.0 |  2963
         Elf:1 |       0 |   23617 |   0.0 |       0 |      37 |   0.0 |  1877
         Elf:2 |       0 |   44466 |   0.0 |       0 |      62 |   0.0 |  2109
         Elf:3 |       0 |   56999 |   0.0 |       0 |      49 |   0.0 |  1860
      Depths:1 |       0 |   47312 |   0.0 |       0 |      62 |   0.0 |  1174
      Depths:2 |       0 |   72239 |   0.0 |       0 |     117 |   0.0 |  2899
      Depths:3 |       0 |   79739 |   0.0 |       0 |      73 |   0.0 |  1971
      Depths:4 |       0 |    3979 |   0.0 |       0 |       4 |   0.0 |    19
        Bailey |       0 |    4749 |   0.0 |       0 |      40 |   0.0 |  1217
         IceCv |       0 |    4331 |   0.0 |       0 |      20 |   0.0 |  1764
               +---------+---------+-------+---------+---------+-------+---------
